 Dungeon Crawl Stone Soup version 0.28-a0-535-g6f645e4c1d (webtiles) character file.

Game seed: 10168385840717304415

31254 shoop the Covert (level 13, -22/65 HPs)
             Began as a Vine Stalker Warper on Sept 26, 2021.
             Was a High Priest of Kikubaaqudgha.
             Annihilated by a frost giant (38 damage)
             ... in an ice cave.
             The game lasted 00:56:51 (13569 turns).

shoop the Covert (Vine Stalker Warper)             Turns: 13569, Time: 00:56:51

Health: -22/65     AC:  6    Str: 20    XL:     13   Next: 56%
Magic:  0/26       EV: 14    Int: 15    God:    Kikubaaqudgha [*****.]
Gold:   822        SH:  7    Dex: 15    Spells: 18/28 levels left

rFire   . . .      SeeInvis .   b - +8 long sword of Division {vorpal, rElec rPois rCorr Int-2}
rCold   + . .      Faith    +   C - +2 buckler
rNeg    . . .      Spirit   +   X - +0 troll leather armour
rPois   +          Reflect  .   (no helmet)
rElec   +          Harm     .   G - scarf {shadows}
rCorr   +          Rampage  .   s - +0 pair of gloves
Will    +....                   u - +0 pair of boots
Stlth   ++++......              r - amulet of faith
HPRegen 2.20/turn               w - ring of protection from cold
MPRegen 0.20/turn               B - +6 ring of strength

@: invisible
A: fangs 3, regeneration 1, magic shield, antimagic bite, no potion heal 2
a: Renounce Religion, Receive Corpses, Torment


You were in an ice cave.
You worshipped Kikubaaqudgha.
Kikubaaqudgha was extremely pleased with you.
You visited 3 branches of the dungeon, and saw 14 of its levels.
You also visited: Bailey and Ice Cave.

You collected 822 gold pieces.

Inventory:

Hand Weapons
 a - the +5 dagger of Otrud {freeze, rN+ Will+ Int-2}
   (You found it on level 1 of the Lair of Beasts)

   It freezes those it strikes, dealing additional cold damage.
   It can also slow down cold-blooded creatures.
   Int:       It affects your intelligence (-2).
   rN:        It protects you from negative energy.
   Will:      It increases your willpower.
 b - the +8 long sword of Division (weapon) {vorpal, rElec rPois rCorr Int-2}
   (You took it off a centaur on level 11 of the Dungeon)

   It inflicts extra damage upon your enemies.
   Int:       It affects your intelligence (-2).
   rElec:     It insulates you from electricity.
   rPois:     It protects you from poison.
   rCorr:     It protects you from acid and corrosion.
 f - a +2 dagger of venom
 Z - a +1 falchion of electrocution
Missiles
 d - 5 boomerangs of dispersal
 g - 31 poisoned darts (quivered)
 o - 57 boomerangs
 D - 3 throwing nets
 E - 2 curare-tipped darts
Armour
 s - a +0 pair of gloves (worn)
 u - a +0 pair of boots (worn)
 v - a +1 tower shield of cold resistance
 C - a +2 buckler (worn)
 G - a scarf of shadows (worn)
 H - the +2 robe of Nuogagh {rPois Str+3 Int-5 Dex+7}
   (You found it on level 7 of the Dungeon)

   Str:       It affects your strength (+3).
   Int:       It affects your intelligence (-5).
   Dex:       It affects your dexterity (+7).
   rPois:     It protects you from poison.
 P - +0 acid dragon scales
 X - a +0 troll leather armour (worn)
Jewellery
 n - a ring of ice
 r - an amulet of faith (around neck)
 w - a ring of protection from cold (left hand)
 z - an amulet of reflection
 B - a +6 ring of strength (right hand)
 I - a ring of resist corrosion
 U - a ring of positive energy
 Y - a ring of see invisible
Wands
 x - a wand of iceblast (20)
 y - a wand of mindburst (5)
 F - a wand of paralysis (5)
 M - a wand of acid (14)
 V - a wand of charming (3)
 W - a wand of flame (53)
Scrolls
 c - 2 scrolls of blinking
 e - 2 scrolls of immolation {unknown}
 m - a scroll of fear
 t - 2 scrolls of teleportation {unknown}
 A - 3 scrolls of enchant armour {unknown}
 N - 2 scrolls of vulnerability {unknown}
 Q - a scroll of magic mapping
 R - a scroll of fog {unknown}
 T - 3 scrolls of enchant weapon {unknown}
Potions
 h - 5 potions of brilliance {unknown}
 i - 2 potions of lignification
 j - 2 potions of ambrosia
 k - 5 potions of curing
 l - 2 potions of haste
 p - a potion of attraction {unknown}
 q - 4 potions of flight {unknown}
 J - a potion of resistance {unknown}
 K - 4 potions of magic {unknown}
 L - a potion of heal wounds {unknown}
 O - a potion of might {unknown}
 S - a potion of invisibility


   Skills:
 - Level 6.0 Fighting
 - Level 8.4(9.8) Short Blades
 * Level 7.6(9.4) Long Blades
 - Level 2.0 Throwing
 - Level 3.0 Armour
 - Level 5.0 Dodging
 - Level 10.0 Stealth
 - Level 4.0 Shields
 + Level 8.1 Spellcasting
 * Level 8.6 Necromancy
 - Level 6.2 Translocations
 + Level 4.0 Ice Magic
 - Level 5.0 Evocations


You had 18 spell levels left.
You knew the following spells:

 Your Spells              Type           Power      Damage    Failure   Level
a - Lesser Beckoning      Tloc           24%        N/A       3%          3
b - Blink                 Tloc           N/A        N/A       1%          2
c - Teleport Other        Tloc           24%        N/A       3%          3
d - Corpse Rot            Necr/Air       N/A        N/A       3%          2

Your spell library contained the following spells:

 Spells                   Type           Power      Damage    Failure   Level
 Pain                     Necr           100%       1d9       1%          1
 Sublimation of Blood     Necr           15%        N/A       1%          2
 Vampiric Draining        Necr           15%        2d8       1%          3
 Freeze                   Ice            72%        1d9       2%          1
 Gell's Gravitas          Tloc           12%        N/A       3%          3
 Animate Dead             Necr           15%        N/A       4%          4
 Dispel Undead            Necr           31%        3d14      4%          4
 Frozen Ramparts          Ice            36%        1d5       8%          3
 Ozocubu's Armour         Ice            18%        N/A       8%          3
 Excruciating Wounds      Necr           15%        N/A       11%         5
 Beastly Appendage        Tmut           12%        N/A       14%         1
 Sting                    Tmut/Pois      24%        1d4       14%         1
 Poisonous Vapours        Pois/Air       12%        N/A       21%         2
 Wereblood                Tmut           6%         N/A       21%         2
 Manifold Assault         Tloc           24%        N/A       28%         5
 Inner Flame              Hex/Fire       6%         N/A       38%         3
 Spider Form              Tmut/Pois      3%         N/A       38%         3
 Hailstorm                Conj/Ice       12%        3d5       52%         4
 Death Channel            Necr           15%        N/A       52%         6
 Cause Fear               Hex            3%         N/A       80%         4
 Olgreb's Toxic Radiance  Pois           6%         N/A       80%         4
 Petrify                  Tmut/Erth      6%         N/A       80%         4
 Simulacrum               Ice/Necr       12%        N/A       83%         6
 Irradiate                Conj/Tmut      3%         3d14      98%         5
 Ozocubu's Refrigeration  Ice            9%         4d6       100%        7
 Storm Form               Tmut/Air       3%         N/A       100%        7
 Discord                  Hex            3%         N/A       100%        8


Dungeon Overview and Level Annotations

Branches:
Dungeon (12/15)            Temple (1/1) D:7            Lair (1/6) D:8
 Bailey (visited)           IceCv (1/1)
    Orc: D:9-12

Altars:
Ashenzari
Cheibriados
Dithmenos
Elyvilon
Fedhas
Kikubaaqudgha
Okawaru
Ru
Sif Muna
Trog
Uskayaw
Vehumet
Wu Jian
Xom
Zin
The Shining One

Shops:
D:5 (

Annotations:
D:6 exclusion: water moccasin
D:7 exclusions: centaur, 2 wights and zombie
D:12 exclusion: upstairs


Innate Abilities, Weirdness & Mutations

You have razor-sharp teeth.
Your natural rate of healing is unusually fast.
When hurt, damage is shared between your health and your magic reserves.
Your bite disrupts and absorbs the magic of your enemies.
Potions cannot restore your health.


Message History

Unknown command.
The frost giant gestures at you while chanting.
The bolt of cold misses you.
You see here a polar bear corpse.
Casting: Blink (safe; 1% risk of failure)
Confirm with . or Enter, or press ? or * to list all spells.
You smell decay.
The frost giant hits you with a +0 battleaxe of freezing.
The frost giant freezes you.
Press: ? - help, v - describe, . - travel, g - get item
Here: a frost giant, wielding a +0 battleaxe of freezing Item here: a polar bear skeleton.
The floor.
Unknown command.
Kikubaaqudgha delivers you corpses!
The frost giant hits you with a +0 battleaxe of freezing!!!
Ouch! That really hurt!
* * * LOW HITPOINT WARNING * * *
The frost giant freezes you.
* * * LOW HITPOINT WARNING * * *
Unknown command.
Casting: Corpse Rot (safe; 3% risk of failure)
Confirm with . or Enter, or press ? or * to list all spells.
You don't have enough magic to cast this spell.
Casting: Corpse Rot (safe; 3% risk of failure)
Confirm with . or Enter, or press ? or * to list all spells.
Okay, then.
Aiming: Paralyse
Press: ? - help, Shift-Dir - straight line, f/p - frost giant
Aim: a frost giant, wielding a +0 battleaxe of freezing (chance to affect: 14%)
Okay, then.
Unknown command.
Okay, then.
Okay, then.
Okay, then.
You fade into invisibility!
The frost giant hits you with a +0 battleaxe of freezing!!!
Ouch! That really hurt!
You die...
Kikubaaqudgha rasps: "You have failed me!
Welcome... death!"

##### #.[|# ##########
#...#########.C.##((.#
####.....#..#...##..C##..
#≈#####.†.C#..######## Y
#≈#≈#≈≈C#####..#
##≈≈≈≈#†@.##..##
####≈≈#≈≈≈##†..###
##.≈≈####### #### #..###
# ##..## ### ##..# ..##
#..### ...# ##...## .###
###..#


You could see a frost giant.

Vanquished Creatures
  2 two-headed ogres
  3 death yaks (IceCv)
  2 orc knights (Bailey)
  3 cane toads (Lair:1)
  An ice statue (IceCv)
  3 komodo dragons
  13 polar bears (IceCv)
  3 trolls
  Grinder (D:4)
  2 shadows
  25 yaks
  A vampire (D:9)
  A centaur simulacrum (D:11)
  A basilisk (Lair:1)
  A wyvern (D:10)
  2 acid dragons (D:9)
  An ice beast (D:6)
  5 black bears
  An orc warrior (D:7)
  29 wolves
  6 centaurs
  A phantom (D:5)
  2 kobold brigands
  4 bullfrogs
  2 gnoll sergeants
  3 scorpions
  A water moccasin zombie (D:5)
  18 killer bees
  A water moccasin skeleton (D:6)
  A howler monkey (D:8)
  A wight (D:7)
  An electric eel (Lair:1)
  A bullfrog zombie (D:5)
  A hound (D:6)
  3 centaur zombies
  A gnoll shaman (D:9)
  4 orc priests
  An iguana (D:5)
  10 orc wizards
  A killer bee zombie (D:7)
  A howler monkey zombie (D:5)
  14 gnolls
  5 adders
  A shadow imp (D:7)
  13 white imps
  An adder skeleton (D:4)
  2 worms
  4 dart slugs
  34 orcs
  8 endoplasms
  3 giant cockroaches (D:1)
  18 goblins
  8 hobgoblins
  4 jackals (D:2)
  28 kobolds
  5 quokkas
  8 ball pythons
  7 bats
  2 frilled lizards (D:2)
  8 rats
337 creatures vanquished.

Vanquished Creatures (others)
  3 fungi (Lair:1)
  6 plants (Lair:1)
9 creatures vanquished.

Grand Total: 346 creatures vanquished

Notes
Turn   | Place    | Note
-------+----------+-------------------------------------------
     0 | D:1      | shoop the Vine Stalker Warper began the quest for the Orb.
     0 | D:1      | Reached XP level 1. HP: 11/11 MP: 4/4
   114 | D:1      | Reached skill level 1 in Throwing
   540 | D:1      | Reached XP level 2. HP: 15/15 MP: 6/6
   579 | D:1      | Reached skill level 1 in Stealth
   582 | D:1      | Learned a level 2 spell: Blink
   948 | D:1      | Reached XP level 3. HP: 18/18 MP: 7/7
  1317 | D:1      | Reached skill level 1 in Armour
  1812 | D:2      | Reached skill level 2 in Stealth
  1812 | D:2      | Gained mutation: Your natural rate of healing is unusually
                  | fast. [Vine Stalker growth]
  1812 | D:2      | Reached XP level 4. HP: 23/23 MP: 8/8
  2686 | D:3      | Reached XP level 5. HP: 25/26 MP: 9/9
  2804 | D:3      | Found a white marble altar of Elyvilon.
  2805 | D:3      | Found a snail-covered altar of Cheibriados.
  2806 | D:3      | Found a bloodstained altar of Trog.
  2806 | D:3      | Found an iron altar of Okawaru.
  2834 | D:3      | Found a broken altar of Ashenzari.
  2835 | D:3      | Found an ornate altar of the Wu Jian Council.
  2835 | D:3      | Found a shimmering altar of Xom.
  3214 | D:4      | Noticed a black bear
  3234 | D:4      | Killed a black bear
  3235 | D:4      | Reached skill level 3 in Stealth
  3235 | D:4      | Reached XP level 6. HP: 30/30 MP: 7/10
  3327 | D:4      | Noticed a black bear
  3374 | D:4      | Noticed Grinder
  3403 | D:4      | Killed Grinder
  3404 | D:4      | Reached skill level 5 in Short Blades
  3404 | D:4      | Reached skill level 4 in Stealth
  3404 | D:4      | Reached skill level 1 in Evocations
  3404 | D:4      | Reached XP level 7. HP: 35/35 MP: 11/11
  3723 | D:5      | Entered Level 5 of the Dungeon
  3918 | D:5      | Reached skill level 5 in Stealth
  4304 | D:5      | Found Tual's Antique Weapon Boutique.
  4769 | D:5      | Gained mutation: You have razor-sharp teeth. [Vine Stalker
                  | growth]
  4769 | D:5      | Reached XP level 8. HP: 39/39 MP: 12/12
  4937 | D:6      | Reached skill level 6 in Stealth
  5486 | D:6      | Found a hide-covered altar of Uskayaw.
  5513 | D:6      | Reached skill level 7 in Stealth
  5731 | D:6      | Learned a level 3 spell: Lesser Beckoning
  5773 | D:7      | Identified the +2 robe of Nuogagh {rPois Str+3 Int-5 Dex+7}
  5827 | D:7      | Reached XP level 9. HP: 42/42 MP: 13/13
  5840 | D:7      | Found a glowing silver altar of Zin.
  5924 | D:7      | Reached skill level 8 in Stealth
  5947 | D:7      | Noticed a troll
  6240 | D:7      | Found a staircase to the Ecumenical Temple.
  6248 | Temple   | Entered the Ecumenical Temple
  6370 | Temple   | Became a worshipper of Kikubaaqudgha
  6410 | Temple   | Reached skill level 1 in Long Blades
  6497 | D:7      | Killed a troll
  7496 | D:8      | Found a staircase to the Lair.
  7726 | D:9      | Found a flagged portal.
  7778 | D:9      | Reached * piety under Kikubaaqudgha
  7778 | D:9      | Received a gift from Kikubaaqudgha
  7796 | D:9      | Learned a level 2 spell: Corpse Rot
  7831 | D:9      | Noticed a two-headed ogre
  8097 | D:9      | Reached skill level 9 in Stealth
  8280 | Bailey   | Entered a bailey
  8286 | Bailey   | Noticed an orc warlord
  8473 | Bailey   | Noticed an orc knight
  8582 | Bailey   | Noticed an orc knight
  8612 | Bailey   | Killed an orc knight
  8613 | Bailey   | Reached XP level 10. HP: 32/46 MP: 2/16
  8613 | Bailey   | Reached ** piety under Kikubaaqudgha
  8732 | Bailey   | Found a runed translucent gate.
  8733 | Bailey   | Found a runed translucent gate.
  8734 | Bailey   | Found a runed translucent gate.
  8842 | Bailey   | Killed an orc knight
  9021 | Bailey   | Learned a level 3 spell: Teleport Other
  9047 | Bailey   | Reached skill level 10 in Stealth
  9047 | Bailey   | Reached skill level 5 in Spellcasting
  9047 | Bailey   | Reached skill level 5 in Necromancy
  9047 | Bailey   | Reached XP level 11. HP: 53/53 MP: 17/19
  9083 | D:9      | Reached skill level 5 in Fighting
  9083 | D:9      | Reached skill level 5 in Dodging
  9083 | D:9      | Reached XP level 12. HP: 60/60 MP: 19/23
  9635 | D:10     | Entered Level 10 of the Dungeon
 10172 | D:10     | Noticed a two-headed ogre
 10228 | D:10     | Killed a two-headed ogre
 10229 | D:10     | Reached skill level 5 in Evocations
 10865 | D:11     | Noticed a seven-headed hydra
 11032 | D:11     | Noticed a two-headed ogre
 11054 | D:11     | Killed a two-headed ogre
 11131 | D:11     | Reached skill level 5 in Long Blades
 11266 | D:11     | Found a radiant altar of Vehumet.
 11352 | D:11     | Identified the +8 long sword of Division {vorpal, rElec
                  | rPois rCorr Int-2}
 11412 | D:12     | Noticed a catoblepas
 11412 | D:12     | Noticed a catoblepas
 11707 | D:12     | Reached *** piety under Kikubaaqudgha
 11707 | D:12     | Received a gift from Kikubaaqudgha
 11962 | Lair:1   | Entered Level 1 of the Lair of Beasts
 12097 | Lair:1   | Reached skill level 1 in Ice Magic
 12185 | Lair:1   | Found a frozen archway.
 12300 | Lair:1   | Reached **** piety under Kikubaaqudgha
 12312 | Lair:1   | Reached XP level 13. HP: 63/65 MP: 20/25
 12392 | Lair:1   | Identified the +5 dagger of Otrud {freeze, rN+ Will+ Int-2}
 12536 | IceCv    | Entered an ice cave
 13272 | IceCv    | Reached ***** piety under Kikubaaqudgha
 13501 | IceCv    | Noticed a frost giant
 13569 | IceCv    | Annihilated by a frost giant

Illustrated notes

Levels and vault maps discovered:
D:1:      wander_arrival_lonely_grave, layout_basic,
          chequers_serial_rivers_micro_b, minmay_close_crescents
D:2:      layout_loops_corners
D:3:      layout_loops_ring, grunt_temple_overflow_open, glass_columns_a
D:4:      layout_rooms, uniq_grinder
D:5:      layout_basic, serial_shops, nicolae_shop_stone
D:6:      layout_rooms, nicolae_uskayaw_murder_on_the_dancefloor
D:7:      kennysheep_seaside_town, layout_rooms, zin_statuary,
          minmay_temple_entry_large_hall, grunt_ministairs_9
D:8:      layout_loops_ring, lair_entry_dummy
D:9:      layout_loops_corners, enter_bailey_3
D:10:     layout_basic
D:11:     layout_basic, vehumet_crystals
D:12:     nzn_motion_control, layout_small_grid, david_orc_1_choice,
          minmay_ruined_shrine
Temple:   nicolae_temple_figure_eight
Lair:1:   layout_chaotic_city, portal_ice_cave_entry_imps,
          gammafunk_lair_bear_cave, serial_bayou_shore_a
IceCv:    ice_cave_caverns_03

Skill      XL: |  1  2  3  4  5  6  7  8  9 10 11 12 13 |
---------------+----------------------------------------+-----
Short Blades   | 2 3 4 5 6 7 8 |  8.4
Throwing       | 1 2 |  2.0
Stealth        | 1 2 3 4 5 7 9 10 | 10.0
Armour         | 1 2 3 |  3.0
Fighting       | 2 3 5 6 |  6.0
Dodging        | 2 3 5 |  5.0
Evocations     | 1 2 3 4 5 |  5.0
Long Blades    | 2 6 7 |  7.6
Spellcasting   | 3 5 6 7 8 |  8.1
Translocations | 4 6 |  6.2
Necromancy     | 2 5 7 8 |  8.6
Shields        | 3 4 |  4.0
Ice Magic      | 2 4 |  4.0

Action                   |  1- 3 |  4- 6 |  7- 9 | 10-12 | 13-15 || total
-------------------------+-------+-------+-------+-------+-------++-------
Melee: Short sword       |   113 |   118 |       |       |       ||   231
       Bite              |    24 |    37 |   157 |   131 |   109 ||   458
       Dagger            |       |    26 |   413 |   262 |   112 ||   813
       Falchion          |       |       |     7 |    11 |       ||    18
       Long sword        |       |       |       |    99 |   173 ||   272
Throw: Dart              |       |    10 |    35 |    54 |    28 ||   127
 Cast: Blink             |       |       |    22 |     9 |     4 ||    35
       Corpse Rot        |       |       |     1 |     2 |    11 ||    14
       Teleport Other    |       |       |       |    16 |     2 ||    18
Invok: Receive Corpses   |       |       |       |       |     4 ||     4
Evoke: Wand              |       |     7 |       |       |     1 ||     8
  Use: Scroll            |       |     4 |     2 |     2 |       ||     8
       Potion            |       |       |       |     2 |     1 ||     3
 Stab: Sleeping          |     4 |     4 |    11 |     4 |     2 ||    25
       Distracted        |       |       |     3 |     1 |       ||     4
Armor: Leather armour    |    33 |    33 |    27 |       |       ||    93
       Acid dragon scale |       |       |    17 |    19 |       ||    36
       Robe              |       |       |    16 |       |       ||    16
       Troll leather arm |       |       |       |    53 |    52 ||   105
Dodge: Dodged            |    75 |    94 |   152 |   172 |   134 ||   627
Block: Other             |       |       |    29 |       |       ||    29
       Reflection        |       |       |     2 |       |       ||     2
       Buckler           |       |       |       |    94 |    67 ||   161

Table legend: (Time is in decaauts)
 A = Elapsed time spent in this place.
 B = Non-inter-level travel time spent in this place.
 C = Inter-level travel time spent in this place.
 D = Time resting spent in this place.
 E = Time spent auto-exploring this place.
 F = Levels seen in this place.
 G = Mean time per level.
                   A        B        C        D        E       F      G
               +--------+--------+--------+--------+--------+-----+--------+
         Total |  13228 |  12493 |    735 |    393 |   8182 |  16 |  826.8 |
       Dungeon |  10767 |  10044 |    723 |    182 |   7345 |  12 |  897.2 |
        Temple |    153 |    141 |     12 |      0 |    117 |   1 |  153.0 |
          Lair |    525 |    525 |      0 |      0 |      0 |   1 |  525.0 |
        Bailey |    778 |    778 |      0 |    142 |    251 |   1 |  778.0 |
      Ice Cave |   1003 |   1003 |      0 |     69 |    468 |   1 | 1003.0 |
               +--------+--------+--------+--------+--------+-----+--------+

Top non-repeatable levels by time:
     D:1: 1420 daAuts
     D:9: 1209 daAuts
     D:5: 1113 daAuts
    D:10: 1103 daAuts
   IceCv: 1003 daAuts
     D:7: 992 daAuts
     D:2: 949 daAuts
     D:6: 790 daAuts
    D:11: 784 daAuts
  Bailey: 778 daAuts
     D:4: 755 daAuts
     D:8: 697 daAuts
     D:3: 651 daAuts
  Lair:1: 525 daAuts
    D:12: 298 daAuts
